 Dungeon Crawl Stone Soup version 0.29.0-11-gd7f09526c8 (webtiles) character file.

Game seed: 1913087643116428064

16097 Mahakala the Severer (level 12, -3/104 HPs)
             Began as a Minotaur Berserker on Sept 6, 2022.
             Was an Elder of Trog.
             Slain by a black mamba (7 damage)
             ... on level 3 of the Lair of Beasts.
             The game lasted 00:42:52 (14102 turns).

Mahakala the Severer (Minotaur Berserker)          Turns: 14102, Time: 00:42:52

Health: -3/104     AC: 13    Str: 27    XL:     12   Next: 7%
Magic:  11/11      EV:  8    Int:  4    God:    Trog [****..]
Gold:   124        SH:  5    Dex: 10    Spells: 11/11 levels left

rFire   + . .      SeeInvis .   m - +8 frozen axe "Frostbite" {freezing cloud, *Noise Fly rC+}
rCold   + + .      Faith    .   (shield currently unavailable)
rNeg    + . .      Spirit   .   r - +0 plate armour
rPois   +          Reflect  +   N - -2 hat of the Alchemist {rElec rPois rF+ rC+ rN+ Will+ rMut rCorr}
rElec   +          Harm     .   J - +0 cloak
rCorr   +          Rampage  .   (no gloves)
rMut    +                       (no boots)
Will    +++..                   H - amulet of reflection
Stlth   ..........              x - ring of flight
HPRegen 1.27/turn               (no ring)
MPRegen 0.12/turn

@: strong-willed, on berserk cooldown, flying, regenerating, slowed, very slow
A: horns 2, retaliatory headbutt
a: Renounce Religion, Berserk, Trog's Hand, Brothers in Arms


You were on level 3 of the Lair of Beasts.
You worshipped Trog.
Trog was greatly pleased with you.
You visited 2 branches of the dungeon, and saw 12 of its levels.
You also visited: Sewer.

You collected 714 gold pieces.
You spent 590 gold pieces at shops.

Inventory:

Hand Weapons
 a - a +2 vorpal battleaxe
 m - the +8 frozen axe "Frostbite" (weapon) {freezing cloud, *Noise Fly rC+}
   (You acquired it on level 9 of the Dungeon)

   It freezes those it strikes, dealing additional cold damage.
   It can also slow down cold-blooded creatures.
   It occasionally leaves clouds of freezing vapour upon striking a foe.
   It grants immunity to clouds of freezing vapour.
   rC:        It protects you from cold.
   Fly:       It grants you flight.
   *Noise:    It may make noises in combat.
 F - a +0 war axe of venom
Missiles
 c - 8 boomerangs
 h - 6 javelins (quivered)
 y - 28 poisoned darts
 A - a throwing net {!f}
Armour
 q - a scarf of repulsion
 r - a +0 plate armour (worn)
 J - a +0 cloak (worn)
 N - the -2 hat of the Alchemist (worn) {rElec rPois rF+ rC+ rN+ Will+ rMut rCorr}
   (You bought it in a shop on level 2 of the Dungeon)

   rF:        It protects you from fire.
   rC:        It protects you from cold.
   rElec:     It insulates you from electricity.
   rPois:     It protects you from poison.
   rN:        It protects you from negative energy.
   rCorr:     It protects you from acid and corrosion.
   rMut:      It protects you from mutation.
   Will:      It increases your willpower.
Jewellery
 x - a ring of flight (left hand)
 H - an amulet of reflection (around neck)
Wands
 d - a wand of iceblast (5)
 t - a wand of flame (15)
 w - a wand of mindburst (6)
Scrolls
 e - 2 scrolls of silence
 i - 2 scrolls of butterflies
 l - 4 scrolls of vulnerability {!r}
 o - 2 scrolls of summoning
 s - 7 scrolls of teleportation {@r4}
 u - 3 scrolls of identify {@r1}
 v - 2 scrolls of immolation {!r}
 z - 2 scrolls of blinking {unknown}
 B - 2 scrolls of enchant armour {unknown}
 E - 3 scrolls of poison {!r}
 I - a scroll of torment {unknown}
 M - a scroll of fear {unknown}
Potions
 b - 3 potions of might
 f - 5 potions of flight
 g - 2 potions of cancellation
 j - 5 potions of attraction {!q}
 k - 3 potions of resistance
 n - 4 potions of mutation {!q}
 p - 4 potions of heal wounds {@q2}
 C - 2 potions of ambrosia {unknown}
 D - 2 potions of haste {@q3}
 G - 2 potions of curing {@q1}
 K - a potion of lignification {!q}
 L - 2 potions of magic
 O - a potion of berserk rage {unknown}


   Skills:
 - Level 9.0 Fighting
 * Level 17.6 Axes
 - Level 9.0 Throwing
 - Level 8.6 Armour
 - Level 2.1 Dodging


You had 11 spell levels left.
You didn't know any spells.
Your spell library was empty.

Dungeon Overview and Level Annotations

Branches:
Dungeon (9/15)             Temple (0/1) D:4            Lair (3/5) D:9
 Shoals (0/4) Lair:3        Sewer (visited)
  Snake: Lair:2-3    Spider: Lair:2-3       Orc: D:9-12

Altars:
Cheibriados
Dithmenos
Elyvilon
Hepliaklqana
Makhleb
Okawaru
Trog
Uskayaw
Vehumet
Wu Jian
The Shining One

Shops:
D:2 *   D:6 =   D:9 (

Annotations:
D:6 2 transporters
D:8 2 transporters, Arex's ghost, novice TrFi
Lair:1 3 runed translucent doors, hilljack's ghost, journeyman MiFi


Innate Abilities, Weirdness & Mutations

You have a pair of horns on your head.
You reflexively headbutt those who attack you in melee.


Message History

The elephant closely misses you.
The elephant trunk-slaps you but does no damage.
The black mamba bites you!
* * * LOW HITPOINT WARNING * * *
You slice the elephant!! You freeze the elephant!
You kill the elephant!
Trog accepts your kill.
You barely miss the black mamba. The black mamba barely misses you.
The black mamba bites you!
* * * LOW HITPOINT WARNING * * *
The black mamba bites you!
* * * LOW HITPOINT WARNING * * *
Okay, then.
Press: ? - help, v - describe, . - travel
Here: a black mamba (lightly wounded)
The floor, spattered with blood.
Okay, then.
Your skin crawls.
You feel strong-willed. The black mamba bites you.
* * * LOW HITPOINT WARNING * * *
The black mamba bites you!
* * * LOW HITPOINT WARNING * * *
You are lethally poisoned!
The black mamba poisons you! The black mamba barely misses you.
You furiously retaliate!
You headbutt the black mamba!
You feel better. The black mamba bites you.
* * * LOW HITPOINT WARNING * * *
The black mamba barely misses you.
You barely miss the black mamba.
The elephant trumpets!
Your headbutt misses the black mamba.
The black mamba is heavily wounded.
You hear a bellow!
The black mamba bites you.
* * * LOW HITPOINT WARNING * * *
The black mamba bites you!
* * * LOW HITPOINT WARNING * * *
The black mamba bites you!
You die...

#P....~~..~~...#
......~~.>.#~..#
(.Y..~†.~...~~..
###[..#~~.~~~..#
#..~##.~##~...
###.†.#....# .#
#P...##..#.#
#.....#.†S.# ##
#.....###@(##.P#
#....##.†....##
#..<†Y.......#
#....##......##
#...##.......##
#........#...#
.....#...####..#
.....#..........
###
......##.........


You could see an elephant and a black mamba.

Vanquished Creatures
  Gastronok (D:9)
  2 hydras
  A centaur warrior (D:9)
  A two-headed ogre (D:8)
  Pikel (D:8)
  2 elephants (Lair:3)
  8 cane toads
  5 komodo dragons
  2 rime drakes (Lair:2)
  10 yaks
  3 wyverns
  3 basilisks (Lair:2)
  3 steam dragons
  Duvessa (D:5)
  4 water moccasins
  An ice beast (D:7)
  4 black bears
  A sky beast (D:7)
  5 wolves (Lair:1)
  An ogre (D:4)
  2 centaurs
  4 lemures
  A kobold brigand (D:6)
  Blork the orc (D:5)
  16 bullfrogs
  A gnoll sergeant (D:7)
  6 scorpions
  9 wights
  Dowan (D:5)
  An electric eel (Lair:3)
  A lava snake (D:8)
  4 hounds
  5 orc priests
  A gnoll bouda (D:6)
  5 orc wizards
  2 iguanas
  A mummy (D:9)
  22 gnolls
  7 river rats (Sewer)
  9 adders
  A shadow imp (D:6)
  2 worms
  5 dart slugs
  19 orcs
  2 bats
  7 endoplasms
  2 giant cockroaches (D:5)
  5 goblins
  9 hobgoblins
  15 kobolds
  8 quokkas
  6 ball pythons
  8 frilled lizards
  18 rats
265 creatures vanquished.

Vanquished Creatures (others)
  41 fungi
  76 plants
117 creatures vanquished.

Grand Total: 382 creatures vanquished

Notes
Turn   | Place    | Note
-------+----------+-------------------------------------------
     0 | D:1      | Mahakala the Minotaur Berserker began the quest for the
                  | Orb.
     0 | D:1      | Reached XP level 1. HP: 19/19 MP: 0/0
    65 | D:1      | Reached skill level 4 in Axes
   274 | D:1      | Reached XP level 2. HP: 26/26 MP: 1/1
   349 | D:1      | Found a faded altar of an unknown god.
   554 | D:1      | Reached skill level 5 in Axes
   848 | D:1      | Reached XP level 3. HP: 26/31 MP: 2/2
  1150 | D:2      | Found Hikhuc's General Store.
  1159 | D:2      | Reached ** piety under Trog
  1168 | D:2      | Bought a scroll of identify for 24 gold pieces
  1459 | D:2      | Found a white marble altar of Elyvilon.
  2096 | D:3      | Reached skill level 6 in Axes
  2096 | D:3      | Reached XP level 4. HP: 39/39 MP: 3/3
  2478 | D:3      | Reached skill level 7 in Axes
  2478 | D:3      | Reached XP level 5. HP: 29/45 MP: 4/4
  2980 | D:3      | Found a hide-covered altar of Uskayaw.
  3099 | D:4      | Noticed an ogre
  3198 | D:4      | Killed an ogre
  3199 | D:4      | Reached skill level 8 in Axes
  3199 | D:4      | Reached XP level 6. HP: 51/51 MP: 5/5
  3420 | D:4      | Reached *** piety under Trog
  3510 | D:4      | Found a staircase to the Ecumenical Temple.
  3724 | D:4      | Reached skill level 9 in Axes
  4159 | D:5      | Entered Level 5 of the Dungeon
  4202 | D:5      | Reached XP level 7. HP: 57/57 MP: 6/6
  4249 | D:5      | Reached skill level 10 in Axes
  4330 | D:5      | Identified the +1 leather armour "Delielah" {Rampage Int+4}
  4349 | D:5      | Found a glowing drain.
  4353 | Sewer    | Entered a sewer
  4734 | Sewer    | Reached **** piety under Trog
  4851 | D:5      | Found a burning altar of Makhleb.
  5069 | D:5      | Noticed Blork the orc
  5075 | D:5      | Killed Blork the orc
  5140 | D:5      | Found a glowing golden altar of the Shining One.
  5254 | D:5      | Noticed Duvessa
  5254 | D:5      | Noticed Dowan
  5262 | D:5      | Killed Duvessa
  5265 | D:5      | Killed Dowan
  5266 | D:5      | Reached XP level 8. HP: 67/67 MP: 7/7
  5423 | D:5      | Found an ornate altar of the Wu Jian Council.
  5457 | D:6      | Found Adint's Jewellery Emporium.
  5469 | D:6      | Found a transporter.
  5545 | D:6      | Reached skill level 11 in Axes
  5579 | D:6      | Found a radiant altar of Vehumet.
  5778 | D:6      | Reached skill level 5 in Fighting
  6041 | D:6      | Found a transporter.
  6111 | D:6      | Found an iron altar of Okawaru.
  6358 | D:6      | Reached skill level 5 in Armour
  6754 | D:6      | Reached skill level 12 in Axes
  7220 | D:7      | Reached XP level 9. HP: 70/77 MP: 8/8
  7306 | D:7      | Found a hazy altar of Hepliaklqana.
  7367 | D:7      | Reached skill level 1 in Throwing
  7657 | D:7      | Found a bloodstained altar of Trog.
  8264 | D:8      | Noticed a moth of wrath
  8265 | D:8      | Noticed Arex's ghost (novice TrFi)
  8520 | D:8      | Reached skill level 5 in Throwing
  8624 | D:8      | Found a bloodstained altar of Trog.
  8690 | D:8      | Found a transporter.
  8692 | D:8      | Found a transporter.
  8698 | D:8      | Noticed a two-headed ogre
  8730 | D:8      | Killed a two-headed ogre
  8739 | D:8      | Noticed Pikel
  8959 | D:8      | Killed Pikel
  8960 | D:8      | Reached XP level 10. HP: 84/84 MP: 9/9
  9417 | D:8      | Found a shadowy altar of Dithmenos.
  9674 | D:9      | Found Tevvux's Antique Weapon Shop.
  9695 | D:9      | Identified a scroll of acquirement
  9696 | D:9      | Acquired the +8 frozen axe "Frostbite" {freezing cloud,
                  | *Noise Fly rC+}
  9696 | D:9      | Found the +8 frozen axe "Frostbite" {freezing cloud, *Noise
                  | Fly rC+}
  9961 | D:9      | Noticed a centaur warrior
  9973 | D:9      | Killed a centaur warrior
  9974 | D:9      | Reached skill level 13 in Axes
 10610 | D:9      | Found a staircase to the Lair.
 10626 | D:9      | Noticed Gastronok
 10642 | D:9      | Killed Gastronok
 10643 | D:9      | Reached skill level 14 in Axes
 10805 | D:9      | Reached XP level 11. HP: 93/94 MP: 10/10
 10846 | D:9      | Found a snail-covered altar of Cheibriados.
 11041 | Lair:1   | Entered Level 1 of the Lair of Beasts
 11316 | Lair:1   | Noticed a five-headed hydra
 11327 | Lair:1   | Killed a seven-headed hydra
 11516 | Lair:1   | Noticed hilljack's ghost (journeyman MiFi)
 11518 | Lair:1   | Noticed a minotaur
 11539 | Lair:1   | Found a runed translucent gate.
 11539 | Lair:1   | Found a runed translucent gate.
 11539 | Lair:1   | Found a runed translucent gate.
 12078 | Lair:1   | Reached skill level 15 in Axes
 12918 | D:2      | Bought the -2 hat of the Alchemist {rElec rPois rF+ rC+ rN+
                  | Will+ rMut rCorr} for 566 gold pieces
 12918 | D:2      | Found the -2 hat of the Alchemist {rElec rPois rF+ rC+ rN+
                  | Will+ rMut rCorr}
 13156 | Lair:2   | Reached skill level 16 in Axes
 14018 | Lair:3   | Reached skill level 17 in Axes
 14074 | Lair:3   | Found a staircase to the Shoals.
 14077 | Lair:3   | Noticed a five-headed hydra
 14086 | Lair:3   | Killed a seven-headed hydra
 14087 | Lair:3   | Reached XP level 12. HP: 97/104 MP: 11/11
 14102 | Lair:3   | HP: 4/104 [black mamba (9)]
 14102 | Lair:3   | Slain by a black mamba

Illustrated notes

Levels and vault maps discovered:
D:1:      lemuel_arrival_room, layout_basic, basic_ecumenical_altar,
          nicolae_kite_square_tiling_tiny, minmay_tetromino_o4
D:2:      layout_basic, serial_shops, shop, basic_altar
D:3:      layout_basic, mainiacjoe_overflow_alcove_2
D:4:      layout_loops_cross, minmay_temple_entry_gardened_gates
D:5:      layout_rooms, mainiacjoe_overflow_concentric_impassable,
          mainiacjoe_overflow_swirl, gup_sewer_entry_bowl,
          hangedman_abyss_or_decor_stagger, uniq_duvessa, uniq_blork_the_orc
D:6:      gammafunk_cloud_chamber, layout_basic,
          mainiacjoe_overflow_small_starburst, okawaru_altar_gauntlet_db,
          serial_shops, nicolae_stop_n_shop_1
D:7:      layout_rooms, mainiacjoe_overflow_brackets,
          chequers_serial_rivers_micro_c, david_defended_altar_orc
D:8:      layout_basic, nicolae_dithmenos_shadow_blocks,
          gammafunk_ghost_wrathful_warriors, kennysheep_doodads,
          chequers_serial_rivers_small_3, minmay_misc_feat_iff, uniq_pikel
D:9:      layout_roguey, chei_slow_surprise, due_lair_maze_entry_diamond,
          serial_shops, nicolae_shop_stone, uniq_gastronok
Lair:1:   layout_gridlike, maelrawn_ghost_gauntlet_escape, grunt_megastairs_5
Lair:2:   layout_concentric_octagons, grunt_megastairs_1
Lair:3:   layout_misc_corridors, elwin_shoals_entry_rocks, spider_nest_entry_a,
          serial_bayou_pond_d

Skill      XL: |  1  2  3  4  5  6  7  8  9 10 11 |
---------------+----------------------------------+-----
Axes           | 4 5 6 7 8 9 10 12 14 17 | 17.6
Fighting       | 4 6 8 9 |  9.0
Armour         | 3 5 6 7 8 |  8.6
Throwing       | 8 9 |  9.0
Dodging        | |  2.1

Action                   |  1- 3 |  4- 6 |  7- 9 | 10-12 || total
-------------------------+-------+-------+-------+-------++-------
Melee: Hand axe          |    93 |   147 |   105 |       ||   345
       Headbutt          |    12 |    19 |    43 |    27 ||   101
       Punch             |       |     1 |     5 |     1 ||     7
       War axe           |       |       |   188 |    63 ||   251
       Executioner's axe |       |       |       |   124 ||   124
Throw: Dart              |       |       |     4 |       ||     4
       Javelin           |       |       |     2 |     8 ||    10
Invok: Berserk           |     1 |     3 |     5 |     6 ||    15
       Trog's Hand       |       |       |     1 |     2 ||     3
Evoke: Wand              |       |       |       |     2 ||     2
  Use: Scroll            |     3 |     2 |     7 |    10 ||    22
       Potion            |       |       |       |     2 ||     2
Armor: Scale mail        |    29 |    41 |    76 |    29 ||   175
       Animal skin       |     3 |       |       |       ||     3
       Plate armour      |       |       |       |    42 ||    42
Dodge: Dodged            |    42 |    53 |   107 |    62 ||   264
Block: Other             |       |       |    21 |    43 ||    64
       Reflection        |       |       |       |     2 ||     2
